 Dungeon Crawl Stone Soup version 0.29.1-12-g30fa7ad0bf (webtiles) character file.

Game seed: 4070154734683825861

179 cowcol the Shooter (level 5, -7/46 HPs)
             Began as a Minotaur Hunter on Dec 23, 2022.
             Killed by nerve-wracking pain
             ... invoked by a shadow imp
              (11 damage)
             ... on level 4 of the Dungeon.
             The game lasted 00:15:16 (2755 turns).

cowcol the Shooter (Minotaur Hunter)                Turns: 2755, Time: 00:15:16

Health: -7/46      AC: 11    Str: 14 (17) XL:     5   Next: 33%
Magic:  3/3        EV:  8    Int:  4 (6)  God:
Gold:   84         SH:  0    Dex: 12 (14) Spells: 4/4 levels left

rFire   + . .      SeeInvis .   b - +0 hand axe
rCold   + . .      Faith    .   (no shield)
rNeg    . . .      Spirit   .   k - +0 chain mail
rPois   +          Reflect  .   (helmet restricted)
rElec   +          Harm     .   (no cloak)
rCorr   +          Rampage  .   (no gloves)
Will    .....                   v - +0 pair of boots
Stlth   ..........              (no amulet)
HPRegen 0.15/turn               (no ring)
MPRegen 0.08/turn               (no ring)

@: resistant, flying
A: horns 2, retaliatory headbutt, iridescent scales 1, low MP 1, sturdy frame 1
a: no special abilities


You were on level 4 of the Dungeon.
You visited 1 branch of the dungeon, and saw 4 of its levels.

You collected 84 gold pieces.

Inventory:

Hand Weapons
 a - a +2 shortbow
 b - a +0 hand axe (weapon)
 g - a +0 club
 m - a +0 short sword
 o - a +0 spear
 u - a +2 flail of holy wrath
Missiles
 r - 4 poisoned darts
Armour
 c - a +0 leather armour
 k - a +0 chain mail (worn)
 v - a +0 pair of boots (worn)
Wands
 y - a wand of paralysis (9)
Scrolls
 d - a scroll of vulnerability
 f - a scroll of enchant armour {unknown}
 h - a scroll of fear {unknown}
 i - 3 scrolls of teleportation
 l - a scroll of immolation
 n - a scroll of noise {unknown}
 w - a scroll of summoning
Potions
 t - a potion of lignification {unknown}


   Skills:
 + Level 3.9 Fighting
 * Level 2.5(2.6) Axes
 + Level 1.0(1.9) Polearms
 + Level 5.7 Ranged Weapons
 + Level 1.5 Armour
 + Level 2.2 Dodging
 + Level 0.8 Stealth


You had 4 spell levels left.
You didn't know any spells.
Your spell library contained the following spells:

 Spells                   Type           Power      Damage    Failure   Level
 Blink                    Tloc           0%         N/A       100%        2
 Inner Flame              Hex/Fire       0%         N/A       100%        3
 Cause Fear               Hex            0%         N/A       100%        4
 Manifold Assault         Tloc           0%         N/A       100%        5
 Storm Form               Tmut/Air       0%         N/A       100%        7
 Discord                  Hex            0%         N/A       100%        8


Dungeon Overview and Level Annotations

Branches:
Dungeon (5/15)
 Temple: D:4-7

Altars:


Innate Abilities, Weirdness & Mutations

You have a pair of horns on your head.
You reflexively headbutt those who attack you in melee.
You are partially covered in iridescent scales. (AC +2)
Your magical capacity is low. (-10% MP)
Your movements are slightly less encumbered by armour. (ER -2)


Message History

You hit the gnoll.
You hit the shadow imp but do no damage.
The shadow imp barely misses you. The gnoll hits you with a +0 flail!
* * * LOW HITPOINT WARNING * * *
The shadow imp hits you but does no damage.
You see here a +0 flail.
The gnoll attacks as you move away! The gnoll hits you but does no damage.
You feel better. The shadow imp gestures at you. Pain shoots through your body!
* * * LOW HITPOINT WARNING * * *
Blink to where?
Press: ? - help, Dir - move target
As you read the scroll of blinking, it crumbles to dust.
Okay, then.
It was a potion of mutation.
You feel extremely strange.
Your feet thicken and deform.
You feel your magical essence link to the dungeon's wands.
Really quaff the potion of mutation?
You feel extremely strange.
Your magical essence no longer links to wands of the dungeon.
Your hooves expand and flesh out into feet!
You feel less energetic.
You feel less encumbered by your armour.
Iridescent scales grow over part of your body.
Unknown command.
It was a potion of resistance.
You feel protected. The shadow imp gestures at you.
Pain shoots through your body!
* * * LOW HITPOINT WARNING * * *
It was a potion of degeneration.
There was something very wrong with that liquid.
You feel weakened.
You feel dopey.
You feel clumsy.
It was a potion of flight.
You feel very buoyant.
You fly up into the air.
The shadow imp gestures at you. Pain shoots through your body!
You die...

.#.####.###)#........#.##.#
.#.####.#...#.###.##.#.##.#
.#..........#.#......#.##.#
.#.####.....#....#####..#.# .###
#.....###.........#.### .#
#5......#.###.........#
.######..####.#.#.........#.#
.#............#.........###.#
.#.###.#.######.@.........#.#
.#.#.....#...5..........#.#.#
.#.#.#.###.#####........#.#.#####
.#.#.#...........#.######.#......
.#.#.#####.........######.#..####
.#.#.#####................#....##
.#.#.....#.........#########.#...
.#.#####.#.........#########.####
.#.# #.##................#.....


You could see a shadow imp.

Vanquished Creatures
  An orc priest (D:4)
  Natasha (thrice) (D:4)
  2 gnolls
  An adder (D:2)
  2 dart slugs (D:1)
  5 orcs
  5 ball pythons
  4 endoplasms
  2 hobgoblins
  3 kobolds (D:1)
  3 quokkas
  6 bats (D:1)
  4 goblins
  6 rats
47 creatures vanquished.

Notes
Turn   | Place    | Note
-------+----------+-------------------------------------------
     0 | D:1      | cowcol the Minotaur Hunter began the quest for the Orb.
     0 | D:1      | Reached XP level 1. HP: 18/18 MP: 0/0
   116 | D:1      | Reached XP level 2. HP: 19/25 MP: 1/1
   417 | D:1      | Reached XP level 3. HP: 31/31 MP: 2/2
   582 | D:1      | Found a faded altar of an unknown god.
   643 | D:1      | Reached skill level 5 in Ranged Weapons
   838 | D:2      | Reached skill level 1 in Axes
  1057 | D:2      | You fall into a shaft and drop 2 floors!
  1457 | D:4      | Noticed Natasha
  1462 | D:4      | Killed Natasha
  1463 | D:4      | Reached XP level 4. HP: 33/38 MP: 3/3
  1492 | D:4      | Noticed Natasha
  1497 | D:4      | Killed Natasha
  1498 | D:4      | Reached skill level 1 in Armour
  1631 | D:4      | Reached XP level 5. HP: 8/46 MP: 4/4
  2293 | D:4      | Noticed Natasha
  2304 | D:4      | Killed Natasha
  2305 | D:4      | Reached skill level 1 in Polearms
  2722 | D:5      | Entered Level 5 of the Dungeon
  2748 | D:4      | Gained mutation: You have large cloven feet. [potion of
                  | mutation]
  2748 | D:4      | Gained mutation: You expend magic power (3 MP) to
                  | strengthen your wands. [potion of mutation]
  2749 | D:4      | Lost mutation: You expend magic power (3 MP) to strengthen
                  | your wands. [potion of mutation]
  2749 | D:4      | Lost mutation: You have large cloven feet. [potion of
                  | mutation]
  2749 | D:4      | Gained mutation: Your magical capacity is low. (-10% MP)
                  | [potion of mutation]
  2749 | D:4      | Gained mutation: Your movements are slightly less
                  | encumbered by armour. (ER -2) [potion of mutation]
  2749 | D:4      | Gained mutation: You are partially covered in iridescent
                  | scales. (AC +2) [potion of mutation]
  2755 | D:4      | Killed from afar by a shadow imp

Illustrated notes

Levels and vault maps discovered:
D:1:      minmay_arrival_loop, layout_basic, ebering_ecumenical_altar_rust
D:2:      layout_rooms, serial_forest, infiniplex_forest_clump_long,
          infiniplex_forest_lined_1, infiniplex_forest_straight_2,
          infiniplex_forest_corner_2, infiniplex_forest_clump_C,
          infiniplex_forest_clump_small, infiniplex_forest_clump_long,
          kennysheep_generic_room_15
D:4:      layout_basic, st_stairs_10, uniq_natasha
D:5:      layout_rooms, nicolae_overflow_crystal_walls,
          minmay_temple_entry_junction_2, minmay_misc_feat_cross,
          minmay_a_box_with_orc_wizards_in_it, uniq_pikel, uniq_menkaure

Skill      XL: |  1  2  3  4  5 |
---------------+----------------+-----
Fighting       | 3 |  3.9
Ranged Weapons | 5 |  5.7
Axes           | 1 2 |  2.5
Armour         | 1 |  1.5
Polearms       | 1 |  1.0
Dodging        | |  2.2
Stealth        | |  0.8

Action                   |  1- 3 |  4- 6 || total
-------------------------+-------+-------++-------
Melee: Hand axe          |    25 |    21 ||    46
       Spear             |    12 |       ||    12
       Headbutt          |     4 |     4 ||     8
 Fire: Shortbow          |    70 |    18 ||    88
  Use: Scroll            |     6 |     3 ||     9
       Potion            |       |     6 ||     6
Armor: Leather armour    |     5 |       ||     5
       Chain mail        |    34 |    16 ||    50
Dodge: Dodged            |    36 |     5 ||    41
